 Dungeon Crawl Stone Soup version 0.20-a0-256-gabb291d (webtiles) character file.

63 KristoblXynda the Sneak (level 4, -1/42 HPs)
             Began as a Naga Monk on Nov 30, 2016.
             Slain by a frilled lizard (3 damage)
             ... on level 2 of the Dungeon on Dec 1, 2016.
             The game lasted 00:03:54 (1700 turns).

KristoblXynda the Sneak (Naga Monk)                 Turns: 1700, Time: 00:03:55

Health: -1/42      AC:  3    Str: 13    XL:     4   Next: 9%
Magic:  13/13      EV: 11    Int: 11    God:
Gold:   66         SH:  0    Dex: 14    Spells: 3/3 levels left

rFire  . . .     SeeInvis +       - Unarmed
rCold  + . .     Gourm    .     a - +0 robe
rNeg   . . .     Faith    .     (no shield)
rPois  +         Spirit   .     (no helmet)
rElec  .         Reflect  .     (no cloak)
rCorr  .         Harm     .     d - +0 pair of gloves
MR     .....                    (no barding)
Stlth  +++.......               (no amulet)
                                h - ring of magical power
                                e - ring of protection from cold

@: about to teleport, short of breath, very slightly contaminated, hasted, quick
A: see invisible, deformed body, poison resistance, slowness 2, slow metabolism
1, spit poison 1, AC +1
a: Spit Poison


You were on level 2 of the Dungeon.
You were not hungry.

You visited 1 branch of the dungeon, and saw 2 of its levels.

You collected 66 gold pieces.

Inventory:

Armour
 a - a +0 robe (worn)
 d - a +0 pair of gloves (worn)
Jewellery
 e - a ring of protection from cold (left hand)
 h - a ring of magical power (right hand)
Wands
 m - a wand of flame (42/48)
Scrolls
 c - a scroll of teleportation
Comestibles
 b - a bread ration


   Skills:
 - Level 3.0 Fighting
 + Level 3.0 Dodging
 + Level 4.7 Stealth
 + Level 3.6 Unarmed Combat


You had 3 spell levels left.
You didn't know any spells.

Dungeon Overview and Level Annotations

Branches:
Dungeon (2/15)

Altars:
Ru

Annotations:
D:2 Robin


Innate Abilities, Weirdness & Mutations

You cannot wear boots.
Your serpentine skin is tough. (AC +1)
You have supernaturally acute eyesight. (SInv)
Armour fits poorly on your strangely shaped body.
Your system is resistant to poisons. (rPois)
You cover ground very slowly.
You have a slow metabolism.
You can spit poison.


Message History

* * * LOW HITPOINT WARNING * * *
The frilled lizard barely misses you. The goblin hits you but does no damage.
The goblin barely misses you.
It was a potion of haste.
You feel yourself speed up.
The goblin no longer looks unusually strong.
The goblin hits you.
* * * LOW HITPOINT WARNING * * *
The goblin closely misses you. The goblin hits you but does no damage.
The frilled lizard bites you but does no damage.
The goblin hits you with a dagger.
* * * LOW HITPOINT WARNING * * *
The goblin hits you.
* * * LOW HITPOINT WARNING * * *
The goblin hits you but does no damage.
You are very lightly contaminated with residual magic.
A worm comes into view.
It was a potion of magic.
Magic courses through your body. The goblin misses you.
The goblin closely misses you. The goblin barely misses you.
The frilled lizard bites you.
You die...

.........#.#
#######..#.# #..#.#
#..#.#####
#..#.....#
###..#####.#
.........#.#
......ggg#.#
.....gg@g#.#
....ggl#g#.#
.....gg#g#.########
.....g.#K#.........
w...............###
...................
.................#.
....#........!...#
... ##.#.#....##...


You could see a worm (wandering), Robin, a hobgoblin, 11 goblins, a kobold and a
frilled lizard.

Vanquished Creatures
  3 adders (D:2)
  A worm (D:2)
  A dart slug (D:1)
  A leopard gecko (D:1)
  4 bats
  A giant cockroach (D:1)
  3 goblins
  6 hobgoblins
  4 kobolds
  A quokka (D:2)
  A ball python (D:1)
  A frilled lizard (D:1)
  2 rats
29 creatures vanquished.

Notes
Turn   | Place    | Note
-------+----------+-------------------------------------------
     0 | D:1      | KristoblXynda the Naga Monk began the quest for the Orb.
     0 | D:1      | Reached XP level 1. HP: 21/21 MP: 1/1
   206 | D:1      | Reached XP level 2. HP: 22/28 MP: 2/2
   771 | D:1      | You fall through a shaft!
   792 | D:2      | Upgraded the game from 0.20-a0-251-g16a58bf to 0.20-a0-256-gabb291d
   800 | D:2      | Reached skill level 4 in Stealth
   800 | D:2      | Reached XP level 3. HP: 8/34 MP: 3/3
  1097 | D:2      | HP: 1/34 [poisoned by an adder]
  1412 | D:2      | Found a sacrificial altar of Ru.
  1472 | D:2      | Reached XP level 4. HP: 37/42 MP: 4/4
  1689 | D:2      | Noticed Robin
  1699 | D:2      | HP: 2/42 [goblin[Robin] (3)]
  1700 | D:2      | Slain by a frilled lizard

Vault maps used:
D:1:      lightli_arrival_noodles, hex_large
D:2:      nicolae_overflow_hidden_temple, uniq_robin

Skill      XL: |  1  2  3  4 |
---------------+-------------+-----
Stealth        | 4 |  4.7
Dodging        | 3 |  3.0
Fighting       | |  3.0
Unarmed Combat | |  3.6

Action                   |  1- 3 |  4- 6 || total
-------------------------+-------+-------++-------
Melee: Unarmed           |   119 |    10 ||   129
       Punch             |     1 |       ||     1
 Abil: Spit Poison       |    14 |     3 ||    17
Evoke: Wand              |     2 |       ||     2
  Use: Potion            |     3 |     2 ||     5
       Scroll            |     2 |     1 ||     3
 Stab: Sleeping          |     1 |       ||     1
  Eat: Meat ration       |     1 |       ||     1
Armor: Robe              |    33 |     4 ||    37
       Skin              |     5 |       ||     5
Dodge: Dodged            |    92 |    13 ||   105
